 Dungeon Crawl Stone Soup version 0.29.0-4-gdea44cf6ec (webtiles) character file.

Game seed: 6589676194007818288

6634 qw the Grappler (level 10, -1/96 HPs)
             Began as a Troll Cinder Acolyte on Sept 1, 2022.
             Was a Follower of Ignis.
             Succumbed to a cane toad's poison
             ... on level 1 of the Lair of Beasts.
             The game lasted 00:04:40 (7938 turns).

qw the Grappler (Troll Cinder Acolyte)              Turns: 7938, Time: 00:04:40

Health: -1/96      AC: 15    Str: 28    XL:     10   Next: 72%
Magic:  1/10       EV:  9    Int: 10    God:    Ignis [*.....]
Gold:   539        SH:  0    Dex:  5    Spells: 11/11 levels left

rFire   + + .      SeeInvis .     - Unarmed
rCold   . . .      Faith    .   (no shield)
rNeg    . . .      Spirit   +   v - +2 robe {Will+}
rPois   .          Reflect  .   o - +2 hat
rElec   .          Harm     .   (no cloak)
rCorr   +          Rampage  .   (gloves unavailable)
Will    +....                   (boots unavailable)
Stlth   +.........              e - amulet of guardian spirit
HPRegen 1.06/turn               p - ring of resist corrosion
MPRegen 0.12/turn               (no ring)

@: lethally poisoned (-1 -> -42), fiery-armoured
A: large, unfitting armour, claws 3, regeneration 1, shaggy fur 1, tough skin 1,
fire resistance 1, MP-powered wands
a: Renounce Religion, Fiery Armour, Foxfire Swarm, Rising Flame


You were on level 1 of the Lair of Beasts.
You worshipped Ignis.
Ignis was aware of your devotion.
You visited 2 branches of the dungeon, and saw 11 of its levels.

You collected 539 gold pieces.


Innate Abilities, Weirdness & Mutations

You are too large for most types of armour.
You have claws for hands.
Your natural rate of healing is unusually fast.
You are covered in fur. (AC +1)
You have tough skin. (AC +1)
Your flesh is heat resistant. (rF+)
You expend magic power (3 MP) to strengthen your wands.


   Skills:
 + Level 5.5 Fighting
 - Level 5.0 Throwing
 - Level 1.5 Armour
 - Level 1.6 Dodging
 - Level 14.0 Unarmed Combat
 - Level 1.0 Spellcasting
 - Level 2.1 Fire Magic


You had 11 spell levels left.
You didn't know any spells.
Your spell library contained the following spells:

 Spells                   Type           Power      Damage    Failure   Level
 Scorch                   Fire           8%         2d5       22%         2

Inventory:

Missiles
 m - 7 boomerangs
 s - 4 large rocks (quivered)
Armour
 f - +0 steam dragon scales
 o - a +2 hat (worn)
 u - a +1 robe of fire resistance
 v - a +2 robe of willpower (worn)
Jewellery
 a - a ring of ice
 e - an amulet of guardian spirit (around neck)
 g - a ring of fire
 p - a ring of resist corrosion (left claw)
 r - a ring of ice
Scrolls
 h - 3 scrolls of enchant weapon
 n - a scroll of identify
Potions
 b - a potion of might
 c - 3 potions of resistance
 k - 3 potions of haste
 l - 2 potions of cancellation
 q - 2 potions of mutation
 w - 2 potions of curing

Dungeon Overview and Level Annotations

Branches:
Dungeon (10/15)            Temple (0/1) D:6            Lair (1/5) D:10
    Orc (0/2) D:10

Altars:
Cheibriados
Fedhas
Gozag
Hepliaklqana
Nemelex Xobeh
Ru
Trog
Vehumet
Xom

Shops:
D:7 (

Annotations:
D:5 1 runed translucent door, qw's ghost, novice TrCA
Lair:1 Gastronok


Message History

The black mamba is severely wounded.
The black mamba bites you.
You are poisoned.
The black mamba poisons you!
The black mamba is burned by your cloak of flames.
The black mamba is severely wounded.
The black mamba barely misses you.
You closely miss the black mamba.
The black mamba is severely wounded.
You feel very sick.
The black mamba bites you but does no damage.
The black mamba is burned by your cloak of flames.
The black mamba is almost dead.
The cane toad barely misses you.
You closely miss the black mamba.
The black mamba is almost dead.
You feel very sick. The black mamba completely misses you.
The cane toad stings you.
You are more poisoned.
The cane toad poisons you!
The cane toad is burned by your cloak of flames.
The cane toad is lightly wounded.
You miss the black mamba.
The black mamba is almost dead.
You feel very sick.
The black mamba bites you but does no damage.
The black mamba is burned by your cloak of flames.
The black mamba is almost dead.
Gastronok bites you!!
Gastronok is burned by your cloak of flames.
Gastronok is lightly wounded.
The cane toad stings you!
You are more poisoned.
The cane toad poisons you!
The cane toad is burned by your cloak of flames.
The cane toad is moderately wounded.
The black mamba bites you!
You scratch the black mamba but do no damage.
The black mamba is almost dead.
You die...

..P...........
..P..........# .
.............#..
................
.............#
.............#..
..#.....<.......
......w......#..
..#..SF@.....#
#...S......P..
#...........>.
................
................
................
...#...........
#..P...........


You could see Gastronok, a black mamba, a cane toad and a water moccasin.

Vanquished Creatures
  Maggie (D:6)
  Psyche (D:8)
  A kobold demonologist (D:10)
  Prince Ribbit (D:8)
  Grinder (D:6)
  2 shadows (D:10)
  A wyvern (D:7)
  A spriggan (D:10)
  2 wraiths
  2 steam dragons
  3 vampire mosquitoes (D:10)
  2 water moccasins
  3 orc warriors
  An ice beast (D:5)
  A sky beast (D:7)
  2 black bears
  2 ogres
  2 phantoms
  5 kobold brigands
  3 bullfrogs
  A gnoll sergeant (D:8)
  2 necrophages (D:5)
  A scorpion (D:6)
  3 wights (D:8)
  16 killer bees
  2 howler monkeys
  6 orc priests
  2 hounds
  A jelly (D:5)
  A gnoll bouda (D:8)
  4 iguanas
  11 orc wizards
  11 gnolls
  10 adders
  2 white imps
  3 ufetubi
  2 worms
  A dart slug (D:5)
  33 orcs
  4 ball pythons
  10 bats
  5 endoplasms
  4 giant cockroaches
  7 goblins
  5 hobgoblins
  8 jackals
  2 quokkas
  4 frilled lizards
  21 kobolds
  4 rats
223 creatures vanquished.

Vanquished Creatures (others)
  5 plants (D:5)
5 creatures vanquished.

Grand Total: 228 creatures vanquished

Notes
Turn   | Place    | Note
-------+----------+-------------------------------------------
     0 | D:1      | qw the Troll Cinder Acolyte began the quest for the Orb.
     0 | D:1      | Reached XP level 1. HP: 22/22 MP: 1/1
     0 | D:1      | 0 ||| qw: Version: 0.1-a-97-g2dd2ca4
     0 | D:1      | 0 ||| qw: Game counter: 4819
     0 | D:1      | 0 ||| qw: Always use a shield: true
     0 | D:1      | 0 ||| qw: God list: Okawaru
     0 | D:1      | 0 ||| qw: Allow faded altars: false
     0 | D:1      | 0 ||| qw: Do Orc after D:15 true
     0 | D:1      | 0 ||| qw: Do second Lair branch before Depths: true
     0 | D:1      | 0 ||| qw: Lair rune preference: random
     0 | D:1      | 0 ||| qw: Plans: Normal
     0 | D:1      | 0 ||| PLANNING D:1-11
   224 | D:1      | 224 ||| Stepping ~*~*~tactically~*~*~ (stealth).
   228 | D:1      | Reached XP level 2. HP: 29/29 MP: 2/2
   811 | D:1      | 811 ||| UPGRADING to amulet of guardian spirit.
   816 | D:1      | 816 ||| READING scroll labelled YSIM ZEOLOS.
   817 | D:1      | 817 ||| READING scroll labelled KEQARE VOCAU.
   818 | D:1      | 818 ||| DRINKING 2 fuming clear potions.
   853 | D:2      | 853 ||| STAIRDANCE
   860 | D:2      | 860 ||| STAIRDANCE
   866 | D:1      | Reached skill level 4 in Unarmed Combat
   880 | D:2      | 880 ||| STAIRDANCE
   888 | D:2      | 888 ||| STAIRDANCE
   974 | D:2      | 974 ||| Stepping ~*~*~tactically~*~*~ (outnumbered).
   976 | D:2      | 976 ||| Stepping ~*~*~tactically~*~*~ (outnumbered).
   977 | D:2      | 977 ||| Stepping ~*~*~tactically~*~*~ (outnumbered).
   980 | D:2      | Reached XP level 3. HP: 30/36 MP: 1/3
  1037 | D:2      | 1037 ||| Stepping ~*~*~tactically~*~*~ (stealth).
  1041 | D:2      | 1041 ||| Stepping ~*~*~tactically~*~*~ (outnumbered).
  1042 | D:2      | 1042 ||| Stepping ~*~*~tactically~*~*~ (outnumbered).
  1288 | D:2      | Reached XP level 4. HP: 40/44 MP: 4/4
  1302 | D:2      | Reached skill level 5 in Unarmed Combat
  1330 | D:2      | Found a shimmering altar of Xom.
  1392 | D:2      | 1392 ||| DROPPING ring of flight.
  1529 | D:3      | 1529 ||| INVOKING Fiery Armour.
  1545 | D:3      | Reached XP level 5. HP: 24/50 MP: 2/5
  1694 | D:3      | Reached skill level 6 in Unarmed Combat
  1881 | D:3      | Found a faded altar of an unknown god.
  1916 | D:3      | 1916 ||| READING scroll labelled LAQEOG DOPNES.
  1917 | D:3      | 1917 ||| READING scroll labelled BYPPIR SINTYNI.
  1951 | D:3      | 1951 ||| READING scroll labelled FYCLEASUGA.
  1956 | D:3      | 1956 ||| DRINKING 2 coppery potions.
  2068 | D:4      | Noticed an ogre
  2076 | D:4      | Killed an ogre
  2140 | D:4      | Found a sparkling altar of Nemelex Xobeh.
  2143 | D:4      | Noticed a phantom
  2167 | D:4      | Killed a phantom
  2168 | D:4      | Reached skill level 7 in Unarmed Combat
  2168 | D:4      | Reached XP level 6. HP: 38/59 MP: 3/6
  2225 | D:4      | Found a sacrificial altar of Ru.
  2757 | D:4      | Found a hazy altar of Hepliaklqana.
  2760 | D:4      | 2760 ||| DROPPING scarf of shadows.
  2761 | D:4      | 2761 ||| UPGRADING to ring of resist corrosion.
  2762 | D:4      | 2762 ||| READING scroll labelled COQOCL ZAIR.
  2763 | D:4      | 2763 ||| READING scroll labelled KOCECU GEONT.
  2764 | D:4      | 2764 ||| READING scroll labelled OJIOFOAQIFF.
  2765 | D:4      | 2765 ||| READING scroll labelled HEIJEXZ LUEKK.
  2866 | D:4      | 2866 ||| DRINKING 2 viscous dark potions.
  2922 | D:5      | Entered Level 5 of the Dungeon
  2942 | D:5      | Found a runed translucent door.
  3035 | D:5      | Noticed qw's ghost (novice TrCA)
  3082 | D:5      | Found a shimmering altar of Xom.
  3121 | D:5      | Noticed an ice beast
  3128 | D:5      | Killed an ice beast
  3129 | D:5      | Reached skill level 8 in Unarmed Combat
  3129 | D:5      | Reached XP level 7. HP: 58/66 MP: 5/7
  3243 | D:5      | Reached skill level 3 in Fighting
  3425 | D:5      | 3425 ||| Stepping ~*~*~tactically~*~*~ (hiding).
  3428 | D:5      | 3428 ||| Stepping ~*~*~tactically~*~*~ (hiding).
  3437 | D:5      | 3437 ||| Stepping ~*~*~tactically~*~*~ (outnumbered).
  3438 | D:5      | 3438 ||| Stepping ~*~*~tactically~*~*~ (outnumbered).
  3439 | D:5      | 3439 ||| Stepping ~*~*~tactically~*~*~ (outnumbered).
  3440 | D:5      | 3440 ||| Stepping ~*~*~tactically~*~*~ (outnumbered).
  3441 | D:5      | 3441 ||| Stepping ~*~*~tactically~*~*~ (outnumbered).
  3442 | D:5      | 3442 ||| Stepping ~*~*~tactically~*~*~ (outnumbered).
  3443 | D:5      | 3443 ||| Stepping ~*~*~tactically~*~*~ (outnumbered).
  3507 | D:5      | 3507 ||| Stepping ~*~*~tactically~*~*~ (stealth).
  3513 | D:5      | 3513 ||| FLEEEEING.
  3514 | D:5      | 3514 ||| FLEEEEING.
  3515 | D:5      | 3515 ||| FLEEEEING.
  3516 | D:5      | 3516 ||| FLEEEEING.
  3517 | D:5      | 3517 ||| FLEEEEING.
  3518 | D:5      | 3518 ||| FLEEEEING.
  3519 | D:5      | 3519 ||| FLEEEEING.
  3520 | D:5      | 3520 ||| FLEEEEING.
  3521 | D:5      | 3521 ||| FLEEEEING.
  3524 | D:5      | 3524 ||| INVOKING Fiery Armour.
  3526 | D:5      | Reached skill level 9 in Unarmed Combat
  3679 | D:5      | Reached skill level 1 in Dodging
  3724 | D:5      | Reached XP level 8. HP: 71/75 MP: 6/8
  3896 | D:5      | 3896 ||| READING scroll labelled JUCUCK TIKHLA.
  3897 | D:5      | 3897 ||| READING scroll labelled BAOSCH EQEGOM.
  3898 | D:5      | 3898 ||| READING scroll labelled POACHONG QYAD.
  3899 | D:5      | 3899 ||| DRINKING 4 glowing green potions.
  3900 | D:5      | 3900 ||| READING 2 scrolls of identify.
  3900 | D:5      | 3900 ||| IDENTIFYING fuming grey potion
  3901 | D:5      | 3901 ||| DROPPING potion of flight.
  3902 | D:5      | 3902 ||| DROPPING 3 potions of degeneration.
  4081 | D:6      | Noticed Maggie
  4082 | D:6      | 4082 ||| Stepping ~*~*~tactically~*~*~ (hiding).
  4087 | D:6      | Noticed Grinder
  4099 | D:6      | Killed Maggie
  4100 | D:6      | Reached skill level 10 in Unarmed Combat
  4102 | D:6      | 4102 ||| Stepping ~*~*~tactically~*~*~ (hiding).
  4109 | D:6      | Killed Grinder
  4169 | D:6      | 4169 ||| Stepping ~*~*~tactically~*~*~ (outnumbered).
  4170 | D:6      | 4170 ||| Stepping ~*~*~tactically~*~*~ (outnumbered).
  4172 | D:6      | Reached skill level 1 in Throwing
  4235 | D:6      | Found a staircase to the Ecumenical Temple.
  4272 | D:6      | 4272 ||| Stepping ~*~*~tactically~*~*~ (hiding).
  4276 | D:6      | Reached skill level 3 in Throwing
  4281 | D:6      | 4281 ||| DRINKING 2 potions of curing.
  4281 | D:6      | 4281 ||| (to cure confusion)
  4801 | D:6      | 4801 ||| UPGRADING to +0 steam dragon scales.
  4811 | D:6      | 4811 ||| DROPPING +0 robe.
  4838 | D:7      | Found Bashutto's Antique Weapon Shop.
  4855 | D:7      | 4855 ||| Stepping ~*~*~tactically~*~*~ (stealth).
  4864 | D:7      | Reached skill level 1 in Armour
  4864 | D:7      | Reached XP level 9. HP: 68/84 MP: 7/9
  4926 | D:7      | 4926 ||| Stepping ~*~*~tactically~*~*~ (outnumbered).
  4927 | D:7      | 4927 ||| Stepping ~*~*~tactically~*~*~ (outnumbered).
  4928 | D:7      | 4928 ||| Stepping ~*~*~tactically~*~*~ (outnumbered).
  4929 | D:7      | 4929 ||| Stepping ~*~*~tactically~*~*~ (outnumbered).
  4935 | D:7      | 4935 ||| INVOKING Fiery Armour.
  4937 | D:7      | Reached skill level 11 in Unarmed Combat
  5504 | D:7      | 5504 ||| DRINKING 2 emerald potions.
  5505 | D:7      | 5505 ||| READING 2 scrolls of identify.
  5505 | D:7      | 5505 ||| IDENTIFYING blue potion
  5506 | D:7      | 5506 ||| DROPPING potion of magic.
  5525 | D:8      | 5525 ||| Stepping ~*~*~tactically~*~*~ (hiding).
  5529 | D:8      | 5529 ||| Stepping ~*~*~tactically~*~*~ (outnumbered).
  5530 | D:8      | 5530 ||| INVOKING Fiery Armour.
  5531 | D:8      | 5531 ||| Stepping ~*~*~tactically~*~*~ (hiding).
  5538 | D:8      | 5538 ||| FLEEEEING.
  5539 | D:8      | 5539 ||| STAIRDANCE
  5569 | D:8      | 5569 ||| STAIRDANCE
  5595 | D:8      | 5595 ||| DRINKING potion of curing.
  5595 | D:8      | 5595 ||| (to cure confusion)
  5636 | D:8      | Found a snail-covered altar of Cheibriados.
  5639 | D:8      | Noticed Psyche
  5643 | D:8      | 5643 ||| Stepping ~*~*~tactically~*~*~ (outnumbered).
  5649 | D:8      | Killed Psyche
  5650 | D:8      | Reached skill level 12 in Unarmed Combat
  5653 | D:8      | Noticed Prince Ribbit
  5657 | D:8      | 5657 ||| FLEEEEING.
  5658 | D:8      | 5658 ||| FLEEEEING.
  5659 | D:8      | 5659 ||| FLEEEEING.
  5660 | D:8      | 5660 ||| FLEEEEING.
  5661 | D:8      | 5661 ||| FLEEEEING.
  5662 | D:8      | 5662 ||| FLEEEEING.
  5663 | D:8      | 5663 ||| FLEEEEING.
  5664 | D:8      | 5664 ||| FLEEEEING.
  5665 | D:8      | 5665 ||| FLEEEEING.
  5666 | D:8      | 5666 ||| FLEEEEING.
  5667 | D:8      | 5667 ||| FLEEEEING.
  5668 | D:8      | 5668 ||| FLEEEEING.
  5669 | D:8      | 5669 ||| FLEEEEING.
  5670 | D:8      | 5670 ||| FLEEEEING.
  5676 | D:8      | 5676 ||| FLEEEEING.
  5677 | D:8      | 5677 ||| FLEEEEING.
  5678 | D:8      | 5678 ||| FLEEEEING.
  5680 | D:8      | 5680 ||| FLEEEEING.
  5681 | D:8      | 5681 ||| FLEEEEING.
  5682 | D:8      | 5682 ||| FLEEEEING.
  5683 | D:8      | 5683 ||| STAIRDANCE
  5695 | D:7      | 5695 ||| UPGRADING to +1 hat.
  5702 | D:8      | 5702 ||| STAIRDANCE
  5730 | D:8      | 5730 ||| FLEEEEING.
  5731 | D:8      | 5731 ||| STAIRDANCE
  5746 | D:8      | 5746 ||| STAIRDANCE
  5776 | D:8      | 5776 ||| INVOKING Fiery Armour.
  5777 | D:8      | 5777 ||| STAIRDANCE
  5831 | D:8      | Killed Prince Ribbit
  5851 | D:8      | Found a radiant altar of Vehumet.
  5938 | D:8      | 5938 ||| Stepping ~*~*~tactically~*~*~ (hiding).
  5945 | D:8      | 5945 ||| Stepping ~*~*~tactically~*~*~ (outnumbered).
  5946 | D:8      | 5946 ||| Stepping ~*~*~tactically~*~*~ (outnumbered).
  5947 | D:8      | 5947 ||| Stepping ~*~*~tactically~*~*~ (outnumbered).
  5948 | D:8      | 5948 ||| Stepping ~*~*~tactically~*~*~ (outnumbered).
  5949 | D:8      | 5949 ||| Stepping ~*~*~tactically~*~*~ (outnumbered).
  5950 | D:8      | 5950 ||| Stepping ~*~*~tactically~*~*~ (outnumbered).
  5951 | D:8      | 5951 ||| Stepping ~*~*~tactically~*~*~ (outnumbered).
  5952 | D:8      | 5952 ||| STAIRDANCE
  5965 | D:7      | 5965 ||| UPGRADING to +1 robe of fire resistance.
  5975 | D:7      | 5975 ||| UPGRADING to +2 robe of willpower.
  5985 | D:7      | 5985 ||| DRINKING 2 fuming orange potions.
  5985 | D:7      | Gained mutation: You expend magic power (3 MP) to
                  | strengthen your wands. [potion of mutation]
  5985 | D:7      | Gained mutation: Your flesh is heat resistant. (rF+)
                  | [potion of mutation]
  5986 | D:7      | 5986 ||| READING 2 scrolls of identify.
  5986 | D:7      | 5986 ||| IDENTIFYING ruby potion
  5987 | D:7      | 5987 ||| DROPPING potion of invisibility.
  6045 | D:8      | 6045 ||| Stepping ~*~*~tactically~*~*~ (stealth).
  6046 | D:8      | 6046 ||| INVOKING Fiery Armour.
  6049 | D:8      | 6049 ||| Stepping ~*~*~tactically~*~*~ (hiding).
  6052 | D:8      | 6052 ||| Stepping ~*~*~tactically~*~*~ (outnumbered).
  6054 | D:8      | 6054 ||| Stepping ~*~*~tactically~*~*~ (outnumbered).
  6062 | D:8      | Reached XP level 10. HP: 96/96 MP: 10/10
  6063 | D:8      | 6063 ||| Stepping ~*~*~tactically~*~*~ (outnumbered).
  6075 | D:8      | 6075 ||| Stepping ~*~*~tactically~*~*~ (stealth).
  6079 | D:8      | 6079 ||| Stepping ~*~*~tactically~*~*~ (hiding).
  6080 | D:8      | 6080 ||| Stepping ~*~*~tactically~*~*~ (hiding).
  6297 | D:8      | 6297 ||| DRINKING 2 glowing puce potions.
  6298 | D:8      | 6298 ||| READING 2 scrolls of identify.
  6298 | D:8      | 6298 ||| IDENTIFYING golden potion
  6299 | D:8      | 6299 ||| DROPPING potion of attraction.
  6300 | D:8      | 6300 ||| DROPPING potion of lignification.
  6374 | D:9      | 6374 ||| Stepping ~*~*~tactically~*~*~ (stealth).
  6384 | D:9      | 6384 ||| Stepping ~*~*~tactically~*~*~ (stealth).
  6387 | D:9      | 6387 ||| Stepping ~*~*~tactically~*~*~ (outnumbered).
  6389 | D:9      | 6389 ||| Stepping ~*~*~tactically~*~*~ (outnumbered).
  6390 | D:9      | 6390 ||| Stepping ~*~*~tactically~*~*~ (outnumbered).
  6396 | D:9      | 6396 ||| Stepping ~*~*~tactically~*~*~ (stealth).
  6450 | D:9      | Found a blossoming altar of Fedhas.
  6461 | D:9      | Found an opulent altar of Gozag.
  6598 | D:9      | 6598 ||| Stepping ~*~*~tactically~*~*~ (stealth).
  6648 | D:9      | 6648 ||| Stepping ~*~*~tactically~*~*~ (hiding).
  6686 | D:9      | 6686 ||| Stepping ~*~*~tactically~*~*~ (outnumbered).
  7085 | D:9      | 7085 ||| READING 2 scrolls of identify.
  7085 | D:9      | 7085 ||| IDENTIFYING silvery potion
  7101 | D:10     | Entered Level 10 of the Dungeon
  7117 | D:10     | Reached skill level 13 in Unarmed Combat
  7117 | D:10     | 7117 ||| FLEEEEING.
  7118 | D:10     | 7118 ||| FLEEEEING.
  7119 | D:10     | 7119 ||| FLEEEEING.
  7122 | D:10     | 7122 ||| INVOKING Fiery Armour.
  7124 | D:10     | 7124 ||| Stepping ~*~*~tactically~*~*~ (outnumbered).
  7125 | D:10     | 7125 ||| Stepping ~*~*~tactically~*~*~ (outnumbered).
  7126 | D:10     | HP: 19/96 [ice devil[a kobold demonologist] (9)]
  7126 | D:10     | HP: 7/96 [ice devil[a kobold demonologist] (12)]
  7127 | D:10     | 7127 ||| READING scroll of teleportation.
  7128 | D:10     | 7128 ||| DRINKING potion of heal wounds.
  7129 | D:10     | 7129 ||| STAIRDANCE
  7130 | D:10     | 7130 ||| FLEEEEING.
  7131 | D:10     | 7131 ||| FLEEEEING.
  7132 | D:10     | 7132 ||| FLEEEEING.
  7133 | D:10     | 7133 ||| FLEEEEING.
  7134 | D:10     | 7134 ||| STAIRDANCE
  7197 | D:10     | 7197 ||| STAIRDANCE
  7230 | D:10     | Found a staircase to the Orcish Mines.
  7278 | D:10     | 7278 ||| INVOKING Fiery Armour.
  7448 | D:10     | 7448 ||| Stepping ~*~*~tactically~*~*~ (hiding).
  7449 | D:10     | 7449 ||| Stepping ~*~*~tactically~*~*~ (hiding).
  7450 | D:10     | 7450 ||| Stepping ~*~*~tactically~*~*~ (hiding).
  7454 | D:10     | 7454 ||| Stepping ~*~*~tactically~*~*~ (hiding).
  7462 | D:10     | Reached skill level 14 in Unarmed Combat
  7503 | D:10     | Found a staircase to the Lair.
  7523 | D:10     | Found a bloodstained altar of Trog.
  7552 | D:10     | 7552 ||| INVOKING Fiery Armour.
  7554 | D:10     | HP: 22/96 [poisoned by a kobold brigand (curare-tipped
                  | dart)]
  7559 | D:10     | HP: 15/96 [poisoned by a kobold brigand (curare-tipped
                  | dart)]
  7734 | D:10     | 7734 ||| INVOKING Fiery Armour.
  7740 | D:10     | 7740 ||| Stepping ~*~*~tactically~*~*~ (outnumbered).
  7867 | D:10     | 7867 ||| PLANNING LAIR
  7867 | D:10     | 7867 ||| DROPPING +1 hat.
  7868 | D:10     | 7868 ||| UPGRADING to +2 hat.
  7878 | D:10     | 7878 ||| DROPPING +1 hat.
  7927 | Lair:1   | Entered Level 1 of the Lair of Beasts
  7927 | Lair:1   | Noticed Gastronok
  7927 | Lair:1   | Noticed a black mamba
  7928 | Lair:1   | 7928 ||| INVOKING Fiery Armour.
  7929 | Lair:1   | Noticed a cane toad
  7937 | Lair:1   | HP: 16/96 [cane toad (12)]
  7937 | Lair:1   | HP: 6/96 [black mamba (10)]
  7938 | Lair:1   | Succumbed to a cane toad's poison

Levels and vault maps discovered:
D:1:      kilobyte_arrival_exit_the_forest, layout_loops_ring
D:2:      layout_rooms, basic_altar, kennysheep_cluttered_room
D:3:      layout_rooms, shapermc_ecumenical_altar_pompeii, st_stairs_5
D:4:      layout_loops_ring, nicolae_hepliaklqana_hippocampus,
          nemelex_xobeh_ov_fountains_minmay, nicolae_ru_path_of_blood,
          minivault_5
D:5:      layout_gridville, xom_butterflies, serial_bayou,
          serial_bayou_crossing, serial_bayou_ford_a, serial_bayou_lagoon_a,
          serial_bayou_pond_d, ebering_ghost_sewer_d, kennysheep_generic_room_5
D:6:      layout_basic, minmay_temple_entry_mist, dreamdust_princess_corridor,
          kennysheep_flooded_box, kennysheep_pointless_box, uniq_grinder,
          uniq_maggie
D:7:      layout_cave_pools, serial_shops, shop, minmay_unpleasant_kobolds
D:8:      layout_rooms, nicolae_vehumet_radiance,
          mainiacjoe_overflow_tiny_flanked, uniq_psyche, uniq_prince_ribbit1
D:9:      layout_basic, mainiacjoe_overflow_large_starburst
D:10:     layout_big_octagon, mainiacjoe_overflow_alcove_4, lair_entry_dummy,
          minmay_orc_entry_temple_small, the_hattery
Lair:1:   layout_gridlike, ebering_ghost_xom, uniq_gastronok

Skill      XL: |  1  2  3  4  5  6  7  8  9 10 |
---------------+-------------------------------+-----
Unarmed Combat | 4 5 7 8 9 10 12 14 | 14.0
Fighting       | 3 4 5 |  5.5
Dodging        | 1 |  1.6
Throwing       | 3 4 5 |  5.0
Armour         | 1 |  1.5
Spellcasting   | |  1.0
Fire Magic     | |  2.1

Action                   |  1- 3 |  4- 6 |  7- 9 | 10-12 || total
-------------------------+-------+-------+-------+-------++-------
Melee: Unarmed           |   107 |   130 |   227 |   151 ||   615
       Punch             |     1 |     3 |     2 |     5 ||    11
Throw: Large rock        |       |       |    34 |    16 ||    50
       Boomerang         |       |       |    23 |    11 ||    34
Invok: Fiery Armour      |       |     1 |     5 |     5 ||    11
  Use: Scroll            |     2 |     7 |     6 |     3 ||    18
       Potion            |     1 |     2 |     5 |     2 ||    10
Armor: Robe              |    44 |    41 |    17 |    69 ||   171
       Steam dragon scal |       |       |    49 |       ||    49
Dodge: Dodged            |    65 |    46 |    81 |    79 ||   271

Table legend:
 A = Non-vault XP
 B = Vault XP
 C = Vault XP percentage of total XP
 D = Non-vault monster count
 E = Vault monster count
 F = Vault count percentage of total count
                 A         B        C        D         E       F
            +---------+---------+-------+---------+---------+-------
      Total |    7567 |    1911 |  20.2 |     201 |      22 |   9.9
            +---------+---------+-------+---------+---------+-------
        D:1 |      37 |       0 |   0.0 |      22 |       0 |   0.0
        D:2 |      66 |       0 |   0.0 |      19 |       0 |   0.0
        D:3 |     120 |      15 |  11.1 |      15 |       2 |  11.8
        D:4 |     292 |       0 |   0.0 |      18 |       0 |   0.0
        D:5 |     881 |      46 |   5.0 |      20 |       2 |   9.1
        D:6 |     595 |     670 |  53.0 |      13 |       2 |  13.3
        D:7 |    1254 |     205 |  14.1 |      19 |       6 |  24.0
        D:8 |    1251 |     665 |  34.7 |      34 |       2 |   5.6
        D:9 |    1173 |       0 |   0.0 |      23 |       0 |   0.0
       D:10 |    1898 |     310 |  14.0 |      18 |       8 |  30.8
            +---------+---------+-------+---------+---------+-------
